 Dungeon Crawl Stone Soup version 0.27.1-3-gb3d3a73c9e (webtiles) character file.

Game seed: 11090844636174306379

35 Urokeeper the Bolt Thrower (level 3, 0/21 HPs)
             Began as a Kobold Hunter on Oct 14, 2021.
             Constricted to death by a ball python (1 damage)
             ... on level 1 of the Dungeon.
             The game lasted 00:02:39 (1098 turns).

Urokeeper the Bolt Thrower (Kobold Hunter)          Turns: 1098, Time: 00:02:39

Health: 0/21       AC:  3    Str:  9    XL:     3   Next: 55%
Magic:  3/3        EV: 11    Int: 12    God:
Gold:   48         SH:  0    Dex: 16    Spells: 2/2 levels left

rFire    . . .     SeeInvis .   j - +0 falchion
rCold    . . .     Faith    .   (shield restricted)
rNeg     . . .     Spirit   .   c - +0 leather armour
rPois    .         Reflect  .   (no helmet)
rElec    .         Harm     .   (no cloak)
rCorr    .         Rampage  .   (no gloves)
Will     .....                  (no boots)
Stlth    +++.......             g - amulet of regeneration
HPRegen  0.07/turn              (no ring)
MPRegen  0.08/turn              (no ring)

@: lethally poisoned (0 -> -7), constricted
A: small, no large weapons, nightstalker 3
a: no special abilities


You were on level 1 of the Dungeon.
You visited 1 branch of the dungeon, and saw 2 of its levels.

You collected 48 gold pieces.

Inventory:

Hand Weapons
 a - a +1 hand crossbow
 b - a +0 short sword
 j - a +0 falchion (weapon)
Missiles
 d - 36 bolts
Armour
 c - a +0 leather armour (worn)
Jewellery
 g - an amulet of regeneration (around neck)
Scrolls
 f - a scroll of noise {unknown}
 i - a scroll of identify {unknown}
Potions
 e - a potion of lignification {unknown}
 h - a potion of cancellation {unknown}


   Skills:
 - Level 2.2 Fighting
 + Level 6.0 Crossbows
 + Level 0.1 Armour
 + Level 2.4 Dodging
 + Level 1.5 Stealth


You had 2 spell levels left.
You didn't know any spells.
Your spell library contained the following spells:

 Spells                   Type           Power      Damage    Failure   Level
 Ozocubu's Armour         Ice            0%         N/A       80%         3
 Ozocubu's Refrigeration  Ice            0%         4d5       100%        7


Dungeon Overview and Level Annotations

Branches:
Dungeon (2/15)

Altars:


Innate Abilities, Weirdness & Mutations

You are small and have problems with some larger weapons.
You are completely attuned to the shadows.


Message History

You continue putting on your amulet of regeneration.
The adder bites you but does no damage. The adder barely misses you.
You continue putting on your amulet of regeneration.
The adder barely misses you.
You continue putting on your amulet of regeneration.
The adder misses you.
You riposte.
You hit the adder.
The adder is severely wounded.
You finish putting on your amulet of regeneration.
The amulet cannot attune itself to your injured body.
g - an amulet of regeneration (around neck)
The adder misses you. The adder bites you but does no damage.
The adder barely misses you. The adder bites you.
* * * LOW HITPOINT WARNING * * *
The adder bites you but does no damage. The adder bites you.
* * * LOW HITPOINT WARNING * * *
You hit the adder but do no damage.
The adder is severely wounded.
The adder misses you. The ball python bites you.
* * * LOW HITPOINT WARNING * * *
The ball python misses you.
You closely miss the adder.
The adder is severely wounded.
The adder misses you.
You riposte.
You barely miss the adder.
The adder is severely wounded.
The ball python bites you but does no damage.
The ball python grabs you. The ball python constricts you.
* * * LOW HITPOINT WARNING * * *
The adder bites you but does no damage.
You hit the adder but do no damage.
The adder is severely wounded.
The ball python bites you but does no damage.
The ball python constricts you. The adder bites you.
* * * LOW HITPOINT WARNING * * *
You are lethally poisoned!
The adder poisons you! The ball python barely misses you.
You riposte.
You barely miss the ball python. The ball python constricts you.
You die...

#.#.#.......#.#
######.#.###.⌠.###.#
.......#...#...#)..####
#..#####...##+##......#
#......#............#.#
....##...#.#.##..####.#####
#.#.##.###.......#........#######
..#..(.......###S#..#..##.#......
#####...###### #@Sh............##
# #...# #####..#####.#.##.##
#...# #........###.#.##... #...##
#.#.#.....(..#h#####
#....#####.#.#..#.#####.#####
#.......#.........#####...h..
#####.......#.P.......##.....####
........######.P.#....##.....#
........#..#_#.P.............#


You could see an adder, a jackal and a ball python.

Vanquished Creatures
  A dart slug (D:1)
  A ball python (D:1)
  2 endoplasms (D:1)
  3 giant cockroaches (D:1)
  3 goblins (D:1)
  5 hobgoblins (D:1)
  7 jackals
  A quokka (D:2)
  3 frilled lizards (D:1)
  A kobold (D:1)
27 creatures vanquished.

Notes
Turn   | Place    | Note
-------+----------+-------------------------------------------
     0 | D:1      | Urokeeper the Kobold Hunter began the quest for the Orb.
     0 | D:1      | Reached XP level 1. HP: 12/12 MP: 1/1
    31 | D:1      | Reached skill level 5 in Crossbows
    40 | D:1      | Reached XP level 2. HP: 9/17 MP: 2/2
   451 | D:1      | Reached XP level 3. HP: 21/21 MP: 3/3
   549 | D:1      | Found a faded altar of an unknown god.
   643 | D:1      | Reached skill level 6 in Crossbows
  1098 | D:1      | HP: 1/21 [adder (3)]
  1098 | D:1      | Constricted to death by a ball python

Illustrated notes

Levels and vault maps discovered:
D:1:      dpeg_arrival_simpleton_c, layout_loops_cross,
          shapermc_ecumenical_altar_mp_ritualfount
D:2:      layout_rooms, serial_shops, shop, nicolae_shop_trees, minivault_26

Skill      XL: |  1  2  3 |
---------------+----------+-----
Crossbows      | 5 6 |  6.0
Fighting       | |  2.2
Armour         | |  0.1
Dodging        | |  2.4
Stealth        | |  1.5

Action                   || total
-------------------------++-------
Melee: Falchion          ||    13
 Fire: Hand crossbow     ||    49
 Stab: Sleeping          ||     2
Armor: Leather armour    ||    15
Dodge: Dodged            ||    48
       Rpst.: Falchion   ||     6
